Map: Línea Aguablanca EE

Players

Redemdeus

  • Race: Protoss Protoss
  • League: Bronze
  • Spawn Location: 1:00

StyleBender

  • Race: Protoss Protoss
  • League: Gold
  • Spawn Location: 12:00

DiegoxD

  • Race: Protoss Protoss
  • League: Platinum
  • Spawn Location: 1:00

MrFercho

  • Race: Zerg Zerg
  • League: Gold
  • Spawn Location: 6:00

TATORREA

  • Race: Protoss Protoss
  • League: Gold
  • Spawn Location: 7:00

tigro

  • Race: Terran Terran
  • League: Bronze
  • Spawn Location: 7:00

VOD

Have the link to the VOD?

Description

Time

  • Played on: July 21, 2020, 9:49 p.m.
  • Length: 18:51
Show
View Real Time Build Order
Export as new Build Order

Redemdeus Protoss 

Build Orders: Carriers 

Get SALT Encoding   

  12  0:01  Probe  
  13  0:18  Pylon, Probe  
  14  0:30  Probe  
  15  0:39  Gateway  
  15  0:44  Assimilator  
  15  0:46  Probe  
  16  0:59  Probe  
  17  1:16  Probe  
  17  1:24  Probe  
  18  1:32  Cybernetics Core  
  19  1:37  Assimilator  
  19  1:43  Probe  
  20  1:55  Probe  
  21  2:20  Nexus  
  21  2:23  Assimilator  
  21  2:32  Probe  
  22  2:45  Warp Gate, Probe  
  22  2:51  Pylon  
  23  2:53  Pylon  
  23  3:09  Stalker  
  23  3:11  Probe  
  25  3:19  Probe  
  27  3:28  Probe  
  27  3:32  Stargate  
  27  3:33  Probe  
  28  3:39  Stalker  
  28  3:40  Probe  
  28  3:41  Probe  
  33  3:50  Probe  
  33  3:52  Probe  
  35  4:02  Probe  
  36  4:04  Probe  
  36  4:09  Sentry  
  39  4:14  Probe  
  39  4:16  Probe  
  41  4:18  Void Ray  
  41  4:22  Protoss Air Weapons Level 1  
  45  4:26  Probe  
  45  4:28  Probe  
  47  4:35  Stalker  
  49  4:38  Probe  
  49  4:40  Probe  
  51  4:47  Probe  
  51  4:51  Assimilator  
  52  4:55  Probe  
  53  5:03  Cybernetics Core  
  53  5:05  Probe  
  53  5:11  Fleet Beacon  
  54  5:16  Pylon  
  54  5:18  Pylon  
  54  5:20  Pylon  
  54  5:23  Pylon  
  54  5:24  Void Ray, Pylon  
  54  5:34  Probe  
  59  5:46  Probe  
  59  5:48  Stalker  
  62  5:52  Protoss Air Armor Level 1  
  62  6:08  Carrier  
  68  6:47  Pylon  
  68  6:54  Carrier  
  68  7:13  Stargate  
  74  7:17  Stargate  
  74  7:54  Nexus  
  74  7:55  Protoss Air Weapons Level 2  
  74  7:58  Carrier  
  80  7:59  Pylon  
  80  8:02  Pylon  
  80  8:51  Carrier  
  80  8:52  Carrier x2  
  80  8:54  Unknown  
  98  9:40  Shield Battery, Probe  
  98  9:42  Shield Battery  
  99  9:48  Probe  
  100  9:53  Assimilator  
  100  9:57  Assimilator, Probe  
  100  10:01  Tempest  
  100  10:02  Tempest x2  
  116  10:09  Probe  
  117  10:21  Probe  
  117  10:23  Nexus  
  118  11:13  Carrier x2  
  130  11:34  Carrier  
  130  12:04  Pylon  
  130  12:06  Pylon  
  130  12:07  Pylon x2, Probe  
  130  12:09  Pylon x2  
  130  12:10  Pylon  
  130  12:11  Pylon  
  131  12:15  Probe  
  131  12:16  Pylon  
  131  12:18  Assimilator  
  131  12:22  Assimilator  
  132  12:25  Probe  
  133  12:30  Stargate  
  133  12:33  Stargate  
  133  12:37  Probe  
  133  12:39  Forge  
  140  12:44  Carrier x2  
  140  12:48  Pylon  
  140  12:49  Probe x2  
  147  12:52  Pylon  
  147  12:58  Probe  
  148  13:00  Shield Battery  
  148  13:02  Shield Battery  
  149  13:07  Probe  
  150  13:19  Probe  
  151  13:31  Probe  
  111  14:48  Probe  
  112  14:56  Probe  
  112  15:05  Probe  
  114  15:17  Probe  
  114  15:18  Nexus  
  115  15:21  Pylon  
  115  15:25  Pylon  
  115  15:27  Pylon, Probe  
  116  15:35  Probe  
  116  15:42  Carrier  
  117  15:43  Carrier x4  
  147  16:38  Carrier x2  
  145  17:18  Carrier  
  145  17:19  Carrier  
  145  17:20  Carrier  
  157  17:33  Probe  
  157  17:34  Carrier x2  
  158  17:41  Probe  
  170  17:50  Probe  
  171  17:55  Assimilator  
  172  17:59  Assimilator  
Show
View Real Time Build Order
Export as new Build Order

StyleBender Protoss 

Build Orders: Carriers 

Get SALT Encoding   

  12  0:03  Probe  
  13  0:17  Probe  
  14  0:30  Pylon  
  14  0:41  Probe  
  15  0:54  Gateway  
  15  0:58  Probe  
  15  1:02  Assimilator  
  16  1:06  Probe  
  17  1:15  Probe  
  18  1:29  Probe  
  19  1:33  Assimilator  
  19  1:41  Zealot  
  19  1:46  Cybernetics Core  
  21  1:50  Probe  
  22  2:07  Probe, Nexus  
  23  2:18  Pylon  
  23  2:31  Warp Gate  
  23  2:36  Probe  
  24  2:38  Pylon  
  24  2:45  Stalker  
  24  2:48  Probe  
  27  2:57  Gateway  
  27  3:00  Gateway  
  27  3:15  Stargate  
  27  3:22  Pylon  
  27  3:23  Stalker  
  29  3:45  Probe x2  
  31  3:52  Stalker  
  33  3:59  Probe  
  33  4:00  Probe  
  35  4:14  Probe  
  35  4:16  Probe  
  37  4:22  Probe  
  37  4:26  Stalker  
  37  4:28  Probe  
  43  4:33  Oracle  
  43  4:37  Probe  
  44  4:38  Probe  
  44  4:40  Assimilator  
  44  4:42  Assimilator  
  46  4:47  Stalker  
  48  4:54  Stalker  
  48  4:55  Stalker  
  52  5:06  Forge  
  52  5:07  Probe x2  
  54  5:24  Probe x2  
  54  5:26  Fleet Beacon  
  50  6:19  Stalker x3  
  52  6:37  Carrier  
  58  6:43  Pylon  
  58  6:46  Pylon  
  58  6:50  Probe x2, Stargate  
  58  6:51  Stargate  
  60  7:04  Nexus  
  60  7:07  Probe x2  
  62  7:22  Pylon  
  62  7:24  Pylon  
  62  7:25  Pylon  
  62  7:37  Pylon  
  62  7:38  Carrier  
  62  7:39  Pylon, Carrier  
  74  7:46  Stalker x3  
  64  8:16  Carrier  
  67  8:29  Probe  
  68  8:41  Pylon  
  68  8:44  Probe x2  
  68  8:45  Pylon  
  70  8:53  Carrier  
  70  8:54  Assimilator  
  70  8:58  Pylon  
  70  9:02  Carrier  
  82  9:12  Probe x2  
  84  9:21  Tempest  
  84  9:22  Protoss Air Armor Level 1  
  89  9:38  Stalker x3  
  95  9:54  Pylon  
  95  9:58  Pylon  
  95  10:09  Probe x2  
  95  10:10  Assimilator  
  95  10:12  Probe  
  98  10:16  Carrier  
  104  10:23  Carrier  
  110  10:46  Carrier  
  116  10:56  Pylon  
  116  10:58  Pylon  
  116  11:02  Pylon  
  116  11:05  Pylon  
  116  11:08  Stalker x3  
  122  11:23  Protoss Air Weapons Level 1  
  122  11:36  Carrier  
  128  11:49  Stalker x3  
  134  11:55  Carrier  
  140  12:22  Photon Cannon  
  140  12:26  Carrier  
  140  12:36  Pylon, Carrier  
  146  12:40  Stalker x3  
  158  12:53  Photon Cannon  
  158  12:56  Photon Cannon  
  158  13:32  Protoss Air Armor Level 2  
  146  13:42  Stalker x3  
  152  13:50  Carrier x2  
  154  14:57  Carrier x2  
  154  14:58  Carrier  
  168  16:01  Carrier  
  162  16:56  Carrier  
  168  17:29  Carrier  
Show
View Real Time Build Order
Export as new Build Order

DiegoxD Protoss 

Build Orders:  

Get SALT Encoding   

  12  0:01  Probe  
  13  0:14  Probe  
  14  0:29  Probe  
  14  0:31  Pylon  
  15  0:46  Probe  
  16  0:54  Assimilator, Probe  
  16  0:59  Gateway  
  16  1:03  Probe  
  17  1:06  Gateway  
  18  1:20  Probe  
  19  1:49  Nexus  
  19  1:56  Pylon  
  19  2:11  Cybernetics Core  
  19  2:18  Gateway  
  19  2:27  Warp Gate  
  19  2:32  Assimilator  
  19  2:34  Probe  
  20  2:46  Probe  
  21  2:57  Pylon  
  21  2:58  Probe  
  21  3:04  Probe  
  22  3:12  Probe  
  24  3:22  Probe  
  25  3:33  Shield Battery  
  25  3:34  Probe  
  26  3:37  Pylon  
  26  3:41  Probe  
  26  3:46  Probe  
  28  3:53  Probe  
  29  3:56  Stargate x2  
  29  3:58  Probe  
  29  4:01  Pylon  
  30  4:05  Probe  
  31  4:10  Probe  
  31  4:16  Stalker x3  
  38  4:18  Probe x2  
  40  4:26  Probe  
  40  4:30  Probe  
  42  4:36  Probe  
  43  4:43  Void Ray  
  43  4:44  Void Ray  
  51  4:48  Probe  
  52  4:56  Assimilator  
  52  5:01  Probe  
  53  5:10  Probe  
  54  5:14  Assimilator  
  54  5:19  Probe  
  54  5:28  Probe  
  55  5:35  Void Ray x2  
  60  5:40  Probe  
  65  5:46  Forge  
  65  5:52  Probe  
  66  6:05  Nexus  
  66  6:18  Void Ray  
  70  6:48  Pylon  
  70  6:51  Pylon  
  70  6:56  Pylon  
  70  7:06  Void Ray  
  70  7:07  Fleet Beacon  
  74  7:10  Stargate  
  74  7:21  Photon Cannon, Probe  
  74  7:23  Photon Cannon  
  74  7:26  Photon Cannon  
  74  7:29  Probe  
  76  7:39  Probe  
  76  7:42  Protoss Air Weapons Level 1  
  77  7:45  Cybernetics Core  
  77  7:51  Probe  
  78  7:57  Pylon  
  78  8:00  Pylon  
  78  8:03  Probe  
  79  8:15  Probe  
  80  8:27  Probe  
  81  8:36  Probe  
  82  8:44  Probe  
  82  8:45  Pylon  
  82  8:48  Pylon  
  82  8:53  Probe  
  83  8:56  Void Ray x3  
  83  8:58  Unknown  
  96  9:05  Probe  
  96  9:07  Protoss Shields Level 1  
  97  9:17  Probe  
  97  9:20  Protoss Air Armor Level 1  
  97  9:22  Assimilator  
  98  9:30  Probe  
  99  9:42  Probe  
  100  9:54  Probe  
  89  10:06  Probe  
  86  10:08  Void Ray x3  
  98  10:50  Void Ray  
  98  10:56  Nexus  
  100  11:16  Pylon  
  100  11:19  Photon Cannon  
  100  11:24  Protoss Air Weapons Level 2  
  100  11:33  Void Ray x2  
  108  12:01  Pylon  
  108  12:03  Pylon  
  108  12:07  Void Ray  
  112  12:10  Pylon  
  112  12:14  Pylon  
  112  12:16  Void Ray  
  112  12:18  Pylon  
  116  12:32  Photon Cannon  
  116  12:34  Photon Cannon  
  116  12:37  Photon Cannon  
  116  12:40  Photon Cannon  
  116  12:50  Void Ray  
  120  12:55  Stargate  
  120  12:56  Void Ray, Stargate  
  124  12:59  Void Ray  
  128  13:07  Probe  
  128  13:10  Assimilator  
  129  13:19  Probe  
  118  13:33  Void Ray  
  122  13:39  Void Ray  
  122  14:20  Void Ray  
  122  14:21  Void Ray x2  
  126  15:03  Void Ray x2  
  126  15:06  Void Ray  
  138  15:10  Void Ray x2  
  146  15:46  Void Ray x2  
  146  15:48  Twilight Council, Nexus  
  146  15:49  Void Ray  
  158  15:53  Void Ray  
  162  15:57  Pylon  
  162  15:58  Protoss Air Armor Level 2  
  162  15:59  Pylon  
  162  16:00  Protoss Air Weapons Level 3  
  154  16:43  Void Ray x4  
  154  16:44  Void Ray  
  158  17:11  Assimilator  
  158  17:26  Void Ray x4  
  142  18:39  Assimilator x2  
Show
View Real Time Build Order
Export as new Build Order

MrFercho Zerg 

Build Orders: Hatch First 

Get SALT Encoding   

  12  0:01  Drone  
  13  0:13  Overlord  
  13  0:18  Drone  
  14  0:31  Drone x2  
  16  0:53  Drone  
  16  0:55  Hatchery  
  16  0:57  Drone  
  16  1:00  Drone  
  18  1:08  Extractor  
  17  1:18  Spawning Pool  
  16  1:21  Drone  
  16  1:24  Drone  
  18  1:29  Drone  
  19  1:40  Overlord  
  19  1:51  Drone  
  20  2:08  Queen x2, Drone  
  21  2:10  Overlord  
  21  2:12  Drone  
  26  2:17  Metabolic Boost  
  26  2:21  Drone  
  27  2:24  Drone  
  27  2:28  Drone  
  29  2:35  Drone  
  30  2:45  Drone x2  
  32  2:53  Drone  
  32  2:58  Drone  
  34  3:02  Drone  
  35  3:07  Drone  
  35  3:11  Drone  
  37  3:16  Drone  
  37  3:17  Hatchery, Drone  
  38  3:27  Drone x6  
  44  3:41  Overlord x2  
  44  4:00  Drone x8  
  52  4:13  Zergling x4, Evolution Chamber  
  52  4:15  Baneling Nest  
  52  4:16  Drone  
  53  4:31  Overlord x3  
  53  4:33  Queen  
  53  4:36  Overlord  
  53  4:37  Overlord  
  53  4:38  Overlord  
  55  4:39  Zergling x4  
  55  4:42  Zergling x2  
  58  4:51  Queen  
  61  4:52  Zergling x2  
  61  4:53  Zergling x10  
  61  4:58  Overlord  
  66  5:04  Zerg Melee Weapons Level 1  
  66  5:09  Zergling x10  
  71  5:18  Zergling x2  
  71  5:19  Zergling x4  
  74  5:30  Lair  
  74  5:31  Zergling x6  
  77  5:38  Zergling x14  
  84  5:49  Drone x3  
  87  5:55  Hatchery  
  84  6:13  Spore Crawler  
  84  6:15  Spore Crawler  
  84  6:16  Zergling x2  
  84  6:17  Zergling x18  
  77  6:53  Extractor  
  76  6:56  Extractor  
  76  6:58  Extractor  
  76  7:01  Zerg Missile Weapons Level 1  
  74  7:02  Hydralisk Den  
  74  7:03  Centrifical Hooks  
  74  7:05  Drone x4  
  74  7:07  Evolution Chamber  
  74  7:08  Drone x3  
  77  7:11  Drone x3  
  77  7:12  Drone x2  
  77  7:13  Drone  
  85  7:18  Extractor  
  85  7:19  Extractor  
  85  7:22  Drone x3  
  86  7:23  Drone x2  
  86  7:24  Drone  
  86  7:28  Drone x3  
  92  7:30  Drone x3  
  95  7:38  Zergling x2  
  95  7:39  Zergling x8  
  86  8:26  Hydralisk x14  
  86  8:27  Hydralisk x2  
  88  8:32  Pneumatized Carapace  
  110  8:40  Overseer  
  110  8:43  Spore Crawler  
  110  8:45  Spore Crawler  
  108  8:49  Muscular Augments  
  108  8:58  Zerg Missile Weapons Level 2  
  108  8:59  Zerg Ground Armor Level 1  
  108  9:38  Hydralisk x7, Infestation Pit  
  107  9:39  Hydralisk x3  
  127  9:49  Hatchery  
  126  10:00  Grooved Spines  
  126  10:01  Hatchery  
  125  10:23  Hydralisk  
  125  10:25  Overlord x17  
  125  10:26  Overlord x3  
  111  10:57  Hatchery  
  111  11:00  Drone x15  
  111  11:01  Hatchery  
  124  11:08  Spore Crawler  
  123  11:12  Spore Crawler x2  
  123  11:13  Spore Crawler x2  
  123  11:14  Spore Crawler  
  123  11:15  Spore Crawler  
  123  11:16  Spore Crawler  
  106  11:40  Hydralisk x16  
  106  11:41  Hydralisk  
  140  11:58  Drone x13  
  153  12:09  Hive  
  153  12:11  Zerg Ground Armor Level 2  
  152  12:26  Extractor  
  152  12:28  Extractor  
  150  12:49  Spire  
  149  12:53  Hydralisk  
  149  12:54  Hydralisk x24  
  139  13:42  Hydralisk  
  139  13:43  Hydralisk x17  
  131  14:09  Hatchery  
  130  14:10  Spore Crawler  
  130  14:11  Spore Crawler  
  110  14:20  Hydralisk  
  110  14:21  Hydralisk x22  
  144  14:34  Hydralisk x6  
  138  14:53  Hydralisk  
  138  14:54  Hydralisk x5  
  138  14:56  Nydus Network  
  143  15:08  Zerg Missile Weapons Level 3, Zerg Ground Armor Level 3  
  143  15:12  Hydralisk  
  143  15:13  Hydralisk x2  
  149  15:29  Hydralisk x6  
  145  15:52  Nydus Canal  
  138  16:12  Hydralisk x6  
  138  16:13  Hydralisk x4  
  138  16:37  Hydralisk x5  
  92  16:57  Burrow  
  92  16:58  Hydralisk  
  92  16:59  Hydralisk x2  
  98  17:22  Hydralisk  
  98  17:23  Hydralisk x3  
  98  17:29  Hydralisk  
  106  17:30  Hydralisk x21  
  106  17:31  Hydralisk  
  152  17:38  Nydus Canal  
  152  17:50  Hydralisk x6  
Show
View Real Time Build Order
Export as new Build Order

TATORREA Protoss 

Build Orders: 1 Gate Expand, Archon Immortal 

Get SALT Encoding   

  12  0:01  Probe  
  13  0:13  Probe  
  14  0:25  Pylon  
  14  0:32  Probe  
  15  0:44  Probe  
  16  0:56  Gateway, Probe  
  17  1:08  Probe  
  17  1:09  Assimilator  
  18  1:11  Pylon  
  17  1:20  Probe  
  19  1:32  Probe  
  19  1:44  Probe, Nexus  
  20  1:47  Pylon  
  20  1:57  Zealot  
  20  2:00  Assimilator, Probe  
  23  2:15  Gateway  
  23  2:27  Cybernetics Core  
  23  2:33  Pylon, Probe  
  24  2:38  Zealot  
  24  2:42  Probe  
  26  2:50  Probe  
  28  2:58  Probe  
  28  3:00  Gateway  
  28  3:03  Warp Gate, Probe  
  30  3:21  Twilight Council  
  30  3:24  Probe  
  30  3:26  Pylon  
  32  3:27  Probe  
  32  3:33  Charge, Zealot  
  34  3:36  Probe  
  34  3:39  Probe  
  36  3:44  Zealot  
  38  3:48  Probe  
  38  3:51  Probe  
  38  3:54  Zealot  
  42  4:02  Probe  
  43  4:04  Probe  
  43  4:08  Zealot  
  46  4:14  Probe  
  46  4:16  Probe, Zealot  
  50  4:22  Zealot  
  52  4:26  Probe  
  52  4:29  Probe  
  54  4:36  Robotics Facility  
  54  4:40  Pylon  
  54  4:44  Gateway  
  54  4:48  Assimilator, Probe  
  54  4:49  Probe  
  54  4:51  Assimilator  
  56  4:55  Zealot  
  56  4:56  Zealot  
  60  5:00  Probe  
  60  5:01  Probe  
  60  5:05  Blink  
  62  5:13  Probe x2  
  64  5:15  Zealot  
  66  5:29  Immortal  
  66  5:32  Zealot x2  
  74  5:40  Zealot x2  
  78  6:09  Observer  
  75  6:25  Nexus  
  69  6:26  Pylon  
  69  6:29  Pylon  
  59  6:49  Stalker x3  
  59  6:50  Stalker  
  59  6:53  Immortal  
  71  7:00  Probe x2  
  73  7:12  Probe x2, Templar Archives  
  73  7:14  Forge  
  75  7:24  Stalker, Pylon, Probe x2  
  75  7:25  Stalker x3  
  75  7:26  Pylon  
  85  7:32  Observer  
  85  7:36  Probe  
  85  7:37  Probe  
  88  7:40  Probe  
  89  7:48  Probe  
  89  7:49  Assimilator, Probe  
  91  7:52  Assimilator, Probe  
  91  7:53  Immortal  
  91  7:54  Stalker x4  
  104  8:00  Probe  
  63  8:42  Immortal  
  63  8:44  Stalker x3  
  63  8:45  Stalker  
  75  8:48  Protoss Ground Weapons Level 1  
  75  8:50  Psionic Storm  
  75  9:01  Gateway  
  75  9:04  Gateway  
  75  9:13  Gateway  
  75  9:16  Gateway  
  75  9:19  Gateway  
  75  9:20  Probe x3  
  75  9:22  Gateway  
  78  9:24  Gateway  
  78  9:26  High Templar x4  
  78  9:27  Gateway  
  86  9:32  Probe x2  
  86  9:34  Gateway, Immortal  
  90  9:39  Archon  
  90  9:40  Archon  
  80  10:03  Probe x3  
  83  10:10  Stalker x2  
  83  10:11  Stalker x3  
  83  10:12  Stalker  
  83  10:14  High Templar  
  97  10:15  Probe x3  
  100  10:24  Zealot x5  
  100  10:27  Probe  
  109  10:46  Probe x3  
  109  10:48  Zealot x2  
  94  11:16  Nexus  
  94  11:17  Pylon  
  94  11:21  Pylon  
  94  11:22  Pylon  
  94  11:24  Pylon  
  94  11:28  Pylon x2  
  94  11:35  Pylon  
  94  11:36  Pylon  
  94  11:45  Stalker x3  
  94  11:46  High Templar x4  
  108  11:47  High Templar x4  
  108  11:48  High Templar  
  108  11:50  Archon x2  
  108  11:51  Archon x2  
  108  11:52  Archon  
  118  11:56  Photon Cannon x2  
  118  11:57  Shield Battery  
  118  11:58  Immortal  
  118  11:59  Photon Cannon  
  122  12:02  Photon Cannon  
  122  12:15  Stargate  
  122  12:16  Photon Cannon  
  122  12:17  Stargate  
  122  12:18  Probe, Stargate  
  122  12:19  Probe x2  
  122  12:21  Photon Cannon, Shield Battery  
  125  12:27  Stalker x3  
  131  12:30  Probe  
  131  12:31  Probe x2  
  134  12:37  Immortal  
  134  12:43  Assimilator  
  138  12:44  Assimilator  
  138  12:45  Protoss Ground Weapons Level 2  
  138  12:50  Probe  
  138  12:51  Probe x3  
  142  13:06  Forge  
  142  13:07  Nexus  
  142  13:09  Pylon x2  
  142  13:12  Forge  
  142  13:16  Immortal  
  142  13:18  High Templar x5  
  142  13:19  High Templar  
  158  13:22  Zealot x3  
  158  13:23  Zealot x3  
  158  13:25  Archon x3  
  166  14:35  High Templar x3  
  166  14:36  High Templar x5  
  166  14:37  High Templar x3  
  184  14:40  Immortal  
  158  14:59  Assimilator  
  116  15:03  Assimilator  
  116  15:06  Archon x5  
  106  15:11  High Templar x5  
  116  15:16  Archon x2  
  116  15:18  Archon  
  116  15:23  Phoenix x2  
  116  15:24  Phoenix  
  122  15:29  Probe x4  
  126  15:41  Probe x2  
  128  15:48  Stalker x2  
  128  15:49  Stalker x3  
  138  15:50  Stalker x4  
  138  15:51  Stalker  
  148  16:00  Phoenix x2  
  152  16:05  Phoenix  
  146  16:25  Stalker x3  
  149  16:26  Stalker x5  
  149  16:31  Stalker x2  
  156  16:39  Stalker x2  
Show
View Real Time Build Order
Export as new Build Order

tigro Terran 

Build Orders:  

Get SALT Encoding   

  12  0:03  SCV  
  13  0:18  SCV  
  13  0:19  Supply Depot  
  14  0:30  SCV  
  15  0:36  Refinery  
  15  0:43  SCV  
  16  0:53  Barracks  
  16  0:55  SCV  
  17  1:07  SCV  
  18  1:19  SCV  
  18  1:21  Refinery  
  19  1:31  Supply Depot, SCV  
  20  1:42  Marine  
  20  1:43  SCV  
  22  1:55  SCV  
  22  2:00  Marine  
  24  2:07  SCV  
  25  2:11  Factory  
  25  2:17  Marine  
  25  2:20  Engineering Bay  
  26  2:27  Orbital Command  
  26  2:35  Marine  
  27  2:53  Marine  
  27  2:58  Factory Tech Lab  
  28  3:12  Barracks Tech Lab  
  28  3:15  Terran Infantry Weapons Level 1  
  28  3:16  Command Center  
  28  3:29  Siege Tank  
  28  3:33  Combat Shield  
  31  4:01  Siege Tank  
  34  4:31  Refinery  
  34  4:34  Starport  
  34  4:50  SCV  
  34  4:52  Stimpack  
  35  5:02  SCV  
  36  5:07  Marine  
  36  5:09  Terran Infantry Armor Level 1  
  38  5:14  SCV  
  38  5:16  Armory, Refinery  
  38  5:25  Marine  
  38  5:26  SCV  
  40  5:38  SCV  
  40  5:40  Medivac  
  43  5:43  Marine  
  44  5:50  SCV  
  45  6:01  Marine  
  45  6:02  SCV  
  47  6:05  Fusion Core  
  47  6:10  Medivac  
  49  6:18  Marine  
  49  6:36  Marine  
  46  6:54  Marine  
  47  7:03  Neosteel Armor  
  47  7:06  Starport Tech Lab  
  47  7:10  Barracks  
  47  7:12  Marine  
  48  7:21  Terran Vehicle Weapons Level 1  
  48  7:30  Marine  
  49  7:47  Marine  
  50  7:59  Barracks Reactor  
  50  8:05  Marine  
  51  8:22  Missile Turret  
  51  8:23  Marine  
  52  8:41  Marine  
  52  8:43  Hi-Sec Auto Tracking  
  52  8:48  Battlecruiser  
  59  9:00  Missile Turret  
  59  9:15  Terran Vehicle And Ship Armor Level 1  
  59  9:20  Missile Turret  
  59  9:40  Terran Infantry Weapons Level 2  
  59  9:45  Command Center  
  57  9:53  Thor  
  57  9:57  Missile Turret  
  58  10:03  Battlecruiser  
  60  10:07  Missile Turret  
  60  10:25  Missile Turret  
  60  10:29  Missile Turret  
  60  10:49  Missile Turret  
  60  10:51  Missile Turret  
  60  11:05  Refinery  
  60  11:06  Weapon Refit  
  60  11:09  Terran Ship Weapons Level 1  
  60  11:15  Missile Turret  
  60  11:16  Battlecruiser  
  66  11:24  Missile Turret  
  66  11:40  Refinery  
  66  11:49  Missile Turret  
  66  11:52  SCV  
  67  11:55  Terran Infantry Armor Level 2  
  67  12:04  SCV  
  67  12:05  Supply Depot  
  68  12:10  Missile Turret  
  68  12:13  SCV  
  69  12:16  SCV  
  76  12:28  Supply Depot, SCV  
  77  12:33  Missile Turret  
  77  12:40  SCV  
  78  12:46  Rapid Reignition System  
  78  12:52  SCV  
  78  12:56  Medivac  
  75  13:04  SCV  
  76  13:16  SCV  
  77  13:27  Battlecruiser  
  83  13:28  SCV  
  41  13:56  Command Center  
  39  14:31  Battlecruiser  
  45  14:42  Missile Turret  
  45  15:01  Missile Turret  
  45  15:11  Marine x3  
  48  15:21  Missile Turret  
  48  15:29  Marine x2  
  48  15:33  Missile Turret  
  48  15:35  Battlecruiser  
  43  16:39  Battlecruiser  
  38  17:39  Marine  
  38  17:40  Marine x2  
  38  17:42  Thor  
  38  17:44  Battlecruiser  
  53  17:57  Marine x2  
  53  17:58  Marine  
  56  18:01  Orbital Command  
  40  18:15  Marine x3  
  36  18:28  SCV  
Tags
 
Add a new tag
Caveats
  • Supply blocks, unpowered buildings, or Contaminate may cause inaccurate times.
  • Supply counts are checked every 10 seconds.